 Dungeon Crawl Stone Soup version 0.24.0-123-gd5b16e6ec5 (webtiles) character file.

Game seed: 5154212040250447403, levelgen mode: deterministic

12508 Arahon the Severer (level 11, -7/102 HPs)
             Began as a Hill Orc Fighter on Feb 11, 2020.
             Was an Elder of Beogh.
             Killed from afar by a gargoyle (17 damage)
             ... with a stone arrow
             ... in a Gauntlet.
             The game lasted 00:43:40 (8221 turns).

Arahon the Severer (Hill Orc Fighter)               Turns: 8221, Time: 00:43:40

Health: -7/102     AC: 18    Str: 20    XL:     11   Next: 94%
Magic:  11/11      EV:  7    Int:  8    God:    Beogh [****..]
Gold:   610        SH: 10    Dex: 13    Spells: 10/10 levels left

rFire    . . .     SeeInvis .   a - +1 war axe
rCold    . . .     Gourm    .   c - +1 shield
rNeg     . . .     Faith    .   x - +0 chain mail
rPois    +         Spirit   .   E - +2 hat
rElec    .         Reflect  .   D - +0 cloak
rCorr    .         Harm     .   (no gloves)
MR       .....     NoTele   +   i - +2 pair of boots
Stlth    ..........             n - amulet of regeneration
HPRegen  0.67/turn              A - ring of poison resistance
MPRegen  0.12/turn              G - ring of attention (curse)

@: no status effects
A: no striking features
a: Smiting, Recall Orcish Followers, Renounce Religion


You were in a Gauntlet.
You worshipped Beogh.
Beogh was greatly pleased with you.
You were not hungry.

You visited 1 branch of the dungeon, and saw 11 of its levels.
You also visited: Sewer and Gauntlet.

You collected 610 gold pieces.

Inventory:

Hand Weapons
 a - a +1 war axe (weapon)
 O - a +2 demon blade of freezing
Armour
 b - a +0 scale mail
 c - a +1 shield (worn)
 i - a +2 pair of boots (worn)
 q - a +0 helmet
 x - a +0 chain mail (worn)
 D - a +0 cloak (worn)
 E - a +2 hat (worn)
 K - a +0 chain mail of magic resistance
Jewellery
 e - an uncursed amulet of magic regeneration
 n - an amulet of regeneration (around neck)
 w - an uncursed amulet of inaccuracy
 A - a ring of poison resistance (left hand)
 G - a cursed ring of attention (right hand)
 L - a +3 ring of intelligence
Wands
 k - a wand of paralysis (10)
 y - a wand of random effects (22)
 C - a wand of iceblast (9)
 F - a wand of enslavement (9)
 H - a wand of flame (14)
Scrolls
 g - 2 scrolls of enchant armour
 r - 5 scrolls of teleportation
 v - 6 scrolls of enchant weapon
 z - 2 scrolls of fog
 M - a scroll of magic mapping
Potions
 d - 4 potions of might
 h - 8 potions of flight
 j - 2 potions of degeneration
 l - 8 potions of curing
 m - 5 potions of lignification
 o - 3 potions of brilliance
 p - a potion of haste
 s - a potion of invisibility
 t - a potion of ambrosia
 u - 4 potions of mutation
 B - 3 potions of berserk rage
 J - a potion of agility {unknown}
 N - a potion of magic {unknown}
Comestibles
 f - 24 rations


   Skills:
 + Level 11.5 Fighting
 + Level 16.7 Axes
 + Level 9.2 Armour
 + Level 3.2 Dodging
 - Level 3.6 Shields
 + Level 0.8 Invocations


You had 10 spell levels left.
You didn't know any spells.
Your spell library contained the following spells:

 Spells                   Type           Power        Failure   Level  Hunger
 Summon Small Mammal      Summ           #...         100%        1    ##.....
 Call Imp                 Summ           #.......     100%        2    ###....
 Call Canine Familiar     Summ           #.......     100%        3    ####...
 Summon Guardian Golem    Hex/Summ       #.......     100%        3    ####...
 Summon Ice Beast         Ice/Summ       #.......     100%        4    #####..
 Summon Lightning Spire   Summ/Air       #.......     100%        4    #####..


Dungeon Overview and Level Annotations

Branches:
Dungeon (11/15)            Temple (0/1) D:7            Lair (0/6) D:8
    Orc (0/2) D:11          Sewer (visited)         Gauntlet (1/1)

Altars:
Ashenzari
Cheibriados
Dithmenos
Elyvilon
Fedhas
Hepliaklqana
Nemelex Xobeh
Qazlal
Sif Muna
Uskayaw
Wu Jian
Yredelemnul
The Shining One

Annotations:
D:11 1 runed translucent door Gauntlet 2 transporters, 1 runed translucent door


Message History

You hit the catoblepas but do no damage.
The catoblepas is almost dead.
The catoblepas gores you but does no damage.
You hit the catoblepas.
The catoblepas is almost dead.
The catoblepas gores you!
* * * LOW HITPOINT WARNING * * *
You hit the catoblepas but do no damage.
The catoblepas is almost dead.
Your shield and chain mail prevent you from hitting the catoblepas.
The catoblepas is almost dead.
The catoblepas gores you.
* * * LOW HITPOINT WARNING * * *
You slash the catoblepas!
You kill the catoblepas!
Beogh accepts your kill.
F - a wand of enslavement (9)
The gargoyle hurls a stone arrow at you.
The stone arrow hits you!
You die...

# ..♣.#©##.#
###...P.#.#.. .
#≈≈..♣PP.#.#.###
#≈..PP.P.#.#43..
####..♣P.P♣.#.#####
#≈≈.........#.#....
#≈..#########.#...♣
##...#...#.#@#.#...P
##≈.∩.#.#.#..##.#.#≈#
##≈≈...#.#.#...#.#.≈≈≈
#≈≈≈♣.©#.#.9####©#.#≈#
##≈≈...#.#.....#.#.≈≈≈
##≈.∩.#..####.#.#.#≈#
##...#...9...#.#...P
#≈..#########.#...♣
#≈≈.........#.#....


You could see a neqoxec, a chaos spawn and a gargoyle.

Vanquished Creatures
  A catoblepas (Gauntlet)
  A two-headed ogre (D:10)
  Pikel (D:4)
  2 centaur skeletons
  A troll (D:10)
  2 slime creatures (D:11)
  A hippogriff (D:11)
  A shadow (D:11)
  Sigmund (D:5)
  Eustachio (D:4)
  12 yaks
  A steam dragon (D:7)
  Edmund (D:4)
  3 porcupines (D:8)
  A water moccasin (D:11)
  A hornet zombie (D:9)
  2 black bears (D:8)
  2 necrophages
  An orc warrior (D:9)
  2 phantoms
  4 centaurs
  5 ogres
  3 crocodiles
  4 bullfrogs
  2 big kobolds
  Blork the orc (D:6)
  A wyvern skeleton (D:10)
  3 scorpions
  4 killer bees (D:7)
  A howler monkey (D:7)
  7 wights
  7 crimson imps
  A centaur zombie (D:6)
  A quasit (D:8)
  6 hounds
  2 jellies
  A bullfrog skeleton (D:7)
  5 orc priests
  Crazy Yiuf (D:4)
  2 iguanas
  7 orc wizards
  A merfolk siren (Sewer)
  8 worker ants
  A merfolk avatar (Sewer)
  A killer bee zombie (D:8)
  A hound zombie (D:6)
  A mummy (D:8)
  3 worker ant zombies
  A howler monkey skeleton (D:7)
  14 adders
  A river rat (Sewer)
  A shadow imp (D:9)
  An ooze (D:2)
  An adder zombie (D:8)
  An adder skeleton (D:4)
  3 worms
  2 dart slugs (D:2)
  9 leopard geckos
  23 orcs
  8 bats
  4 giant cockroaches
  5 goblins
  6 hobgoblins
  15 jackals
  10 quokkas
  6 ball pythons (Sewer)
  9 frilled lizards
  A jackal zombie (D:8)
  14 kobolds
  33 rats
  2 fungi (D:8)
  2 plants (D:8)
294 creatures vanquished.

Vanquished Creatures (collateral kills)
  2 two-headed ogres (D:11)
  An ugly thing (D:11)
  Maurice (D:11)
  A centaur zombie (D:11)
  A gargoyle (D:11)
  A slime creature (D:11)
  A vampire (D:11)
  2 yaks (D:11)
  An ogre (D:11)
  A crocodile (D:11)
  2 wights (D:11)
  A bullfrog zombie (D:11)
  An iguana (D:11)
  An adder (D:11)
17 creatures vanquished.

Vanquished Creatures (others)
  2 orc priests (D:4)
  5 orcs
  5 fungi (D:8)
12 creatures vanquished.

Grand Total: 323 creatures vanquished

Notes
Turn   | Place    | Note
-------+----------+-------------------------------------------
     0 | D:1      | Arahon the Hill Orc Fighter began the quest for the Orb.
     0 | D:1      | Reached XP level 1. HP: 19/19 MP: 1/1
   463 | D:1      | Reached XP level 2. HP: 27/27 MP: 2/2
  1102 | D:2      | Reached skill level 3 in Axes
  1126 | D:2      | Reached XP level 3. HP: 33/33 MP: 3/3
  1303 | D:2      | Reached XP level 4. HP: 41/41 MP: 4/4
  1382 | D:2      | Reached skill level 4 in Axes
  1701 | D:2      | Found a white marble altar of Elyvilon.
  2004 | D:3      | Noticed an ogre
  2013 | D:3      | Killed an ogre
  2013 | D:3      | Reached skill level 5 in Axes
  2013 | D:3      | Reached XP level 5. HP: 33/47 MP: 5/5
  2129 | D:3      | You fall into a shaft and drop 3 floors!
  2133 | D:6      | Found a stormy altar of Qazlal.
  2150 | D:5      | Entered Level 5 of the Dungeon
  2177 | D:5      | Noticed Sigmund
  2195 | D:5      | Killed Sigmund
  2195 | D:5      | Reached skill level 5 in Fighting
  2195 | D:5      | Reached skill level 6 in Axes
  2195 | D:5      | Reached XP level 6. HP: 53/56 MP: 6/6
  2268 | D:5      | Noticed a necrophage
  2409 | D:5      | Killed a necrophage
  2409 | D:5      | Reached skill level 7 in Axes
  2409 | D:5      | Reached skill level 1 in Dodging
  2409 | D:5      | Reached XP level 7. HP: 61/61 MP: 7/7
  2754 | D:4      | Found a glowing drain.
  2758 | Sewer    | Entered a sewer
  3080 | Sewer    | Reached skill level 8 in Axes
  3193 | D:4      | Found a runed translucent door.
  3194 | D:4      | Noticed Crazy Yiuf
  3204 | D:4      | Killed Crazy Yiuf
  3278 | D:4      | Noticed Eustachio
  3339 | D:4      | Killed Eustachio
  3339 | D:4      | Reached skill level 9 in Axes
  3339 | D:4      | Reached skill level 5 in Armour
  3339 | D:4      | Reached XP level 8. HP: 31/70 MP: 8/8
  3658 | D:4      | Noticed Edmund
  3682 | D:4      | Killed Edmund
  3711 | D:4      | Reached skill level 10 in Axes
  3749 | D:4      | Became a worshipper of Beogh the Brigand
  3751 | D:4      | Noticed Pikel
  3780 | D:4      | Killed Pikel
  3780 | D:4      | Reached skill level 11 in Axes
  3780 | D:4      | Reached XP level 9. HP: 68/79 MP: 9/9
  3868 | D:4      | Found an ornate altar of the Wu Jian Council.
  4151 | D:6      | Found a hazy altar of Hepliaklqana.
  4151 | D:6      | Found a hide-covered altar of Uskayaw.
  4203 | D:6      | Found a shattered altar of Ashenzari.
  4229 | D:6      | Identified the cursed +2 spear "Baor" {antimagic, rF+ rC+
                  | MR+ Str-4} (You found it on level 6 of the Dungeon)
  4322 | D:6      | Noticed Blork the orc
  4335 | D:6      | Killed Blork the orc
  4915 | D:7      | Reached skill level 12 in Axes
  5006 | D:7      | Reached * piety under Beogh
  5029 | D:7      | Found a staircase to the Ecumenical Temple.
  5047 | D:7      | Found a glowing golden altar of the Shining One.
  5052 | D:7      | Found a basalt altar of Yredelemnul.
  5054 | D:7      | Noticed a profane servitor
  5064 | D:7      | Noticed an angel
  5672 | D:8      | Reached ** piety under Beogh
  5672 | D:8      | Reached skill level 13 in Axes
  5672 | D:8      | Reached XP level 10. HP: 45/90 MP: 10/10
  5977 | D:8      | Found a shadowy altar of Dithmenos.
  5996 | D:8      | Found a staircase to the Lair.
  6041 | D:8      | Reached skill level 14 in Axes
  6204 | D:8      | Found a snail-covered altar of Cheibriados.
  6211 | D:8      | You fall into a shaft and drop 2 floors!
  6211 | D:10     | Entered Level 10 of the Dungeon
  6472 | D:10     | Noticed a two-headed ogre
  6556 | D:9      | Reached *** piety under Beogh
  6696 | D:9      | Found a shimmering blue altar of Sif Muna.
  6790 | D:9      | Found a blossoming altar of Fedhas.
  6837 | D:9      | Reached skill level 15 in Axes
  6910 | D:9      | Reached XP level 11. HP: 92/99 MP: 11/11
  7090 | D:9      | Reached skill level 10 in Fighting
  7100 | D:9      | Found a sparkling altar of Nemelex Xobeh.
  7556 | D:10     | Killed a two-headed ogre
  7768 | D:11     | Found a staircase to the Orcish Mines.
  7849 | D:11     | Noticed a red ugly thing
  7858 | D:11     | Killed a red ugly thing
  7858 | D:11     | Reached **** piety under Beogh
  7858 | D:11     | Reached skill level 16 in Axes
  7877 | D:11     | Noticed a two-headed ogre
  7885 | D:11     | Killed a two-headed ogre
  7918 | D:11     | Noticed a two-headed ogre
  7921 | D:11     | Killed a two-headed ogre
  8033 | D:11     | Found a runed translucent door.
  8037 | D:11     | Noticed a centaur warrior
  8037 | D:11     | Noticed a yaktaur captain
  8037 | D:11     | Noticed an eight-headed hydra
  8053 | D:11     | Noticed Maurice
  8062 | D:11     | Killed Maurice
  8141 | D:11     | Found a gate leading to a gauntlet.
  8156 | Gauntlet | Entered a Gauntlet
  8156 | Gauntlet | Found a transporter.
  8156 | Gauntlet | Noticed a catoblepas
  8167 | Gauntlet | Found a transporter.
  8171 | Gauntlet | Found a runed translucent door.
  8171 | Gauntlet | Noticed a spectral death yak
  8172 | Gauntlet | Noticed a death scarab
  8195 | Gauntlet | Found a transporter.
  8218 | Gauntlet | Killed a catoblepas
  8221 | Gauntlet | Found a transporter.
  8221 | Gauntlet | Killed from afar by a gargoyle

Levels and vault maps discovered:
D:1:      grunt_arrival_crossed_arrows, layout_basic
D:2:      layout_loops_corners, elyvilon_altar_3, minmay_tromino_v4_a
D:3:      layout_rooms, first_ration, st_stairs_3
D:4:      layout_loops_ring, lemuel_doored_altar, gup_sewer_entry_bowl,
          uniq_eustachio, uniq_pikel, uniq_crazy_yiuf_cottage, uniq_edmund
D:5:      layout_basic, nicolae_ossuary_entry_plus, uniq_sigmund
D:6:      layout_basic, gammafunk_temple_overflow_statue,
          grunt_temple_overflow_open, uniq_blork_the_orc
D:7:      layout_loops_corners, grunt_temple_overflow_holy_war, temple_pool_b
D:8:      layout_rooms, kennysheep_mini_moat, slow_altar_1,
          due_lair_maze_entry_diamond
D:9:      layout_long_grid, old_standard_altar, marbit_many_paths,
          lemuel_round_altar
D:10:     layout_basic
D:11:     layout_loops_ring, orc_0_dummy, gauntlet_entry_generic,
          grunt_ogre_cave, minmay_st_funbox, tso_altar, uniq_maurice
Gauntlet: minmay_gauntlet_77_tree [minmay_gauntlet_arena_77_radiant_squares,
          minmay_gauntlet_arena_77_broken_ladder,
          minmay_gauntlet_arena_77_cramped, minmay_gauntlet_arena_77_mess,
          minmay_gauntlet_arena_77_fan, minmay_gauntlet_arena_77_run_for_it,
          minmay_gauntlet_arena_77_p_blocks, gauntlet_exit_spiral]

Skill      XL: |  1  2  3  4  5  6  7  8  9 10 11 |
---------------+----------------------------------+-----
Fighting       | 4 5 6 7 8 9 11 | 11.5
Axes           | 3 5 6 7 9 11 13 15 16 | 16.7
Armour         | 4 5 7 8 9 |  9.2
Dodging        | 1 2 3 |  3.2
Shields        | |  3.6
Invocations    | |  0.8

Action                   |  1- 3 |  4- 6 |  7- 9 | 10-12 || total
-------------------------+-------+-------+-------+-------++-------
Melee: War axe           |    99 |   107 |   544 |   442 ||  1192
Invok: Convert to Beogh  |       |       |     1 |       ||     1
       Smiting           |       |       |       |     1 ||     1
  Use: Scroll            |     5 |       |    12 |     9 ||    26
 Stab: Distracted        |       |       |       |     3 ||     3
  Eat: Ration            |     1 |       |       |       ||     1
       Chunk             |       |     1 |    12 |     9 ||    22
Armor: Scale mail        |    63 |    27 |       |       ||    90
       Chain mail        |       |    42 |   284 |   175 ||   501
Dodge: Dodged            |    32 |    35 |   116 |    64 ||   247
Block: Shield            |    51 |    78 |   323 |   151 ||   603
